 Dungeon Crawl Stone Soup version 0.25-a0-547-g27a0b5d (webtiles) character file.

Game seed: 5041878685623982803, levelgen mode: deterministic

144 b5mith the Skirmisher (level 5, -3/78 HPs)
             Began as a Minotaur Berserker on Feb 22, 2020.
             Was a Believer of Trog.
             Slain by Menkaure (7 damage)
             ... on level 3 of the Dungeon.
             The game lasted 00:06:48 (2669 turns).

b5mith the Skirmisher (Minotaur Berserker)          Turns: 2669, Time: 00:06:48

Health: -3/78      AC:  8    Str: 28    XL:     5   Next: 5%
Magic:  4/4        EV: 11    Int:  8    God:    Trog [**....]
Gold:   191        SH:  0    Dex:  9    Spells: 4/4 levels left

rFire    . . .     SeeInvis .   a - +0 mace
rCold    . . .     Gourm    .   (no shield)
rNeg     . . .     Faith    .   q - +1 ring mail {MR+}
rPois    .         Spirit   .   (helmet restricted)
rElec    .         Reflect  .   (no cloak)
rCorr    .         Harm     .   o - +0 pair of gloves
MR       +....                  l - +0 pair of boots
Stlth    ..........             (no amulet)
HPRegen  0.23/turn              v - +4 ring of intelligence
MPRegen  0.09/turn              (no ring)

@: berserking, lethally poisoned (-3 -> -8), very quick
A: retaliatory headbutt, horns 2
a: Berserk, Trog's Hand, Renounce Religion


You were on level 3 of the Dungeon.
You worshipped Trog.
Trog was pleased with you.
You were very hungry.

You visited 1 branch of the dungeon, and saw 4 of its levels.

You collected 191 gold pieces.

Inventory:

Hand Weapons
 a - a +0 mace (weapon)
Armour
 b - a +0 animal skin
 h - a +0 scale mail
   (You found it on level 2 of the Dungeon)
 l - a +0 pair of boots (worn)
   (You found it on level 2 of the Dungeon)
 o - a +0 pair of gloves (worn)
   (You found it on level 2 of the Dungeon)
 q - a +1 ring mail of magic resistance (worn)
   (You took it off an orc priest on level 3 of the Dungeon)
Jewellery
 v - a +4 ring of intelligence (left hand)
   (You found it on level 3 of the Dungeon)
Wands
 r - a wand of enslavement (7)
   (You found it on level 3 of the Dungeon)
Scrolls
 f - a scroll of identify {@r1}
 i - a scroll of remove curse {@r2}
 j - a scroll of blinking
 m - a scroll of enchant weapon {unknown}
 n - a scroll of magic mapping {unknown}
 s - a scroll of teleportation {unknown}
 u - a scroll of enchant armour {unknown}
Potions
 d - a potion of lignification
 e - a potion of curing {@q1}
 k - a potion of haste {unknown}
 p - a potion of degeneration {unknown}
 t - a potion of magic {unknown}
Comestibles
 c - 9 rations


   Skills:
 + Level 7.0 Fighting
 - Level 3.6 Maces & Flails
 - Level 2.4 Armour
 - Level 2.1 Dodging


You had 4 spell levels left.
You didn't know any spells.
Your spell library was empty.

Dungeon Overview and Level Annotations

Branches:
Dungeon (4/15)
 Temple: D:4-7

Altars:
Dithmenos
Kikubaaqudgha
Sif Muna

Annotations:
D:3 Menkaure


Innate Abilities, Weirdness & Mutations

You reflexively headbutt those who attack you in melee.
You have a pair of horns on your head.


Message History

There is a stone staircase leading down here.
You climb downwards.
Level annotation: Menkaure A giant cockroach comes into view.
The hound zombie bites you but does no damage.
Menkaure barely misses you. The hound zombie misses you.
There is a stone staircase leading up here.
You hit Menkaure. Your headbutt misses Menkaure.
Menkaure is lightly damaged.
The scorpion closely misses you. You furiously retaliate!
You headbutt the scorpion, but do no damage.
Menkaure hits you! The hound zombie barely misses you.
The scorpion stings you but does no damage.
Menkaure calls on the powers of darkness!
Your body is wracked with pain!
* * * LOW HITPOINT WARNING * * *
The scorpion convulses!
The giant cockroach convulses!
You hit Menkaure.
Menkaure is lightly damaged.
The hound zombie closely misses you. You furiously retaliate!
You headbutt the hound zombie!
Menkaure giggles, "These cerements are ticklish..."
Menkaure hits you.
* * * LOW HITPOINT WARNING * * *
The scorpion barely misses you.
The hound zombie bites you but does no damage.
Menkaure hits you!
* * * LOW HITPOINT WARNING * * *
The hound zombie closely misses you. The scorpion stings you.
* * * LOW HITPOINT WARNING * * *
You are lethally poisoned!
The scorpion poisons you!
You climb upwards.
* * * LOW HITPOINT WARNING * * *
You feel sick.
There is a stone staircase leading down here.
A red film seems to cover your vision as you go berserk!
You feel yourself moving faster!
You feel mighty!
You are feeling very hungry.
You feel sick. Menkaure casts a spell at you. You resist with some effort.
The scorpion stings you.
* * * LOW HITPOINT WARNING * * *
You sock Menkaure! You headbutt Menkaure!
Menkaure is almost destroyed.
Menkaure gestures at you while chanting.
Pain shoots through your body!
* * * LOW HITPOINT WARNING * * *
The scorpion barely misses you. Menkaure hits you!
You die...

...# #.# #.#.####### #.## #. ...#
#.# #.#.......# #.# #. ##.# #.#
#.#.#####.# #.####.
##.####.######...# #.# #......
...).............#####'####.#####
........#######..).......##.#
.....###.................####
.....###.#######.........#
.........#.....M@s.......#
#####.####.#########'#+###
###...........# #รท#.#
#.............# #.#.#
#.######.####.# #.#.# #.# #.# #.#
#...# #.# #.# #.# ##### #.# #.#
### #.# #.#


You could see Menkaure and a scorpion.

Vanquished Creatures
  An orc priest (D:3)
  4 adders (D:2)
  2 worms
  A dart slug (D:1)
  A leopard gecko (D:2)
  6 orcs
  7 bats
  A giant cockroach (D:3)
  8 goblins
  10 hobgoblins
  2 jackals (D:3)
  2 ball pythons (D:3)
  3 frilled lizards
  6 kobolds
  6 rats
60 creatures vanquished.

Notes
Turn   | Place    | Note
-------+----------+-------------------------------------------
     0 | D:1      | b5mith the Minotaur Berserker began the quest for the Orb.
     0 | D:1      | Reached XP level 1. HP: 19/19 MP: 0/0
   223 | D:1      | Reached skill level 4 in Fighting
   303 | D:1      | Reached XP level 2. HP: 28/28 MP: 1/1
   749 | D:2      | Reached skill level 5 in Fighting
   973 | D:2      | Reached XP level 3. HP: 22/36 MP: 2/2
  1358 | D:2      | Reached ** piety under Trog
  1625 | D:3      | Reached XP level 4. HP: 33/44 MP: 3/3
  1631 | D:2      | Reached skill level 6 in Fighting
  2309 | D:3      | Reached XP level 5. HP: 48/51 MP: 4/4
  2392 | D:3      | Reached skill level 7 in Fighting
  2656 | D:4      | Found an ancient bone altar of Kikubaaqudgha.
  2656 | D:4      | Found a shimmering blue altar of Sif Muna.
  2656 | D:4      | Found a shadowy altar of Dithmenos.
  2656 | D:4      | Noticed Menkaure
  2669 | D:3      | Slain by Menkaure

Levels and vault maps discovered:
D:1:      dpeg_arrival_water_fire, layout_basic
D:2:      layout_rooms, minmay_domino_2
D:3:      layout_basic
D:4:      layout_rooms, chequers_temple_overflow_statue_of_worship,
          temple_statues, serial_shops,
          nicolae_shop_competitors_out_of_business, ebering_ghost_disaster_area,
          uniq_menkaure, uniq_eustachio

Skill      XL: |  1  2  3  4  5 |
---------------+----------------+-----
Fighting       | 4 5 6 7 |  7.0
Maces & Flails | |  3.6
Armour         | |  2.4
Dodging        | |  2.1

Action                   |  1- 3 |  4- 6 || total
-------------------------+-------+-------++-------
Melee: Mace              |    61 |    59 ||   120
       Headbutt          |    10 |     9 ||    19
Invok: Berserk           |       |     1 ||     1
  Use: Scroll            |     2 |     1 ||     3
       Potion            |       |     1 ||     1
  Eat: Chunk             |     2 |     3 ||     5
Armor: Animal skin       |    12 |       ||    12
       Scale mail        |    20 |    12 ||    32
       Ring mail         |       |    23 ||    23
       Skin              |       |     3 ||     3
Dodge: Dodged            |    60 |    57 ||   117

Table legend:
 A = Non-vault XP
 B = Vault XP
 C = Vault XP percentage of total XP
 D = Non-vault monster count
 E = Vault monster count
 F = Vault count percentage of total count
                 A         B        C        D         E       F
            +---------+---------+-------+---------+---------+-------
      Total |     206 |       0 |   0.0 |      60 |       0 |   0.0
            +---------+---------+-------+---------+---------+-------
        D:1 |      17 |       0 |   0.0 |       9 |       0 |   0.0
        D:2 |      93 |       0 |   0.0 |      23 |       0 |   0.0
        D:3 |      96 |       0 |   0.0 |      28 |       0 |   0.0
            +---------+---------+-------+---------+---------+-------
